 Dungeon Crawl Stone Soup version 0.31-a0-174-g85c54bcb58 (webtiles) character file.

Game seed: 2732237884066154264

126 qw the Chopper (level 5, -2/32 HPs)
             Began as a Gargoyle Fighter on June 15, 2023.
             Was an Initiate of Okawaru.
             Slain by an ogre
             ... wielding a +0 giant spiked club
              (6 damage)
             ... on level 4 of the Dungeon.
             The game lasted 00:01:23 (2108 turns).

qw the Chopper (Gargoyle Fighter)                   Turns: 2108, Time: 00:01:23

Health: -2/32      AC: 10    Str: 21    XL:     5   Next: 9%
Magic:  5/5        EV:  9    Int:  9    God:    Okawaru [......]
Gold:   207        SH:  4    Dex:  9    Spells: 4/4 levels left

rFire   . . .        Y - +1 war axe
rCold   . . .        c - +0 buckler
rNeg    + . .        b - +0 scale mail
rPois   inf          (no helmet)
rElec   +            (no cloak)
rCorr   .            (no gloves)
SInv    .            (no boots)
Will    .....        (no amulet) Stlth
                     (no ring)
HPRegen 0.25/turn    (no ring)
MPRegen 0.09/turn

%: no passive effects
@: no status effects
A: sickness immunity, AC +4, negative energy resistance 1, electricity
resistance, torment resistance 1, petrification resistance
a: Renounce Religion


You were on level 4 of the Dungeon.
You worshipped Okawaru.
Okawaru was noncommittal.
You visited 1 branch of the dungeon, and saw 4 of its levels.

You collected 207 gold pieces.


Innate Abilities, Weirdness & Mutations

You are immune to sickness and miasma.
Your stone body is resilient. (AC +4)
You are immune to poison.
You resist negative energy. (rN+)
You are resistant to electric shocks. (rElec)
You are resistant to unholy torment.
You are immune to petrification.


   Skills:
 - Level 3.2 Fighting
 + Level 4.6 Axes
 - Level 3.2 Armour
 - Level 3.2 Shields


You had 4 spell levels left.
You didn't know any spells.
Your spell library was empty.

Inventory:

Hand Weapons
 f - a +0 morningstar
 Y - a +1 war axe (weapon)
Armour
 b - a +0 scale mail (worn)
 c - a +0 buckler (worn)
Scrolls
 e - a scroll of vulnerability {unknown}
 h - a scroll of silence {unknown}
 j - a scroll of identify
Potions
 a - a potion of heal wounds {unknown}
 d - 2 potions of might
 g - a potion of haste
 i - a potion of invisibility {unknown}
 k - a potion of brilliance {unknown}
 l - a potion of enlightenment {unknown}

Dungeon Overview and Level Annotations

Branches:
Dungeon (4/15)
 Temple: D:4-7

Altars:
Okawaru


Message History

Enter note: You now have 201 gold pieces (gained 10).
You now have 207 gold pieces (gained 6).
An ogre comes into view. It is wielding a +0 giant spiked club.
Found a stone staircase leading down.
The ogre shouts!
Enter note:
Enter note:
Enter note:
Enter note:
Enter note:
Enter note: A jelly comes into view.
2099 ||| Stepping ~*~*~tactically~*~*~ (stealth).
An ogre is nearby!
Enter note:
Enter note:
Enter note:
Enter note:
Enter note:
Enter note: You barely miss the ogre.
The ogre barely misses you.
You slash the ogre!
The ogre is moderately wounded.
The ogre misses you.
You closely miss the ogre.
The ogre is moderately wounded.
The ogre hits you with a +0 giant spiked club!
You hit the ogre.
The ogre is moderately wounded.
The ogre hits you with a +0 giant spiked club!!
Ouch! That really hurt!
You hit the ogre.
The ogre is heavily wounded.
You hear a distant slurping noise.
You hit the ogre.
The ogre is severely wounded.
The ogre hits you with a +0 giant spiked club.
You die...

.............#....##..
........###..#.....# ..#J
........###........## ....
.......##...........#.>.7.
...... ##.........##.....
#.........#.O..#
#........##...#
..#..#.#..#....#
...######@O..7 .. #..#...#
#..<##.## ##... .# ##... .
#...### #####


You could see an ogre.

Vanquished Creatures
  4 adders
  3 dart slugs
  2 orcs (D:4)
  4 ball pythons
  10 endoplasms
  2 giant cockroaches (D:1)
  9 goblins
  7 hobgoblins
  6 jackals
  4 kobolds
  5 quokkas
  6 bats
  A frilled lizard (D:1)
  9 rats
72 creatures vanquished.

Notes
Turn   | Place    | Note
-------+----------+-------------------------------------------
     0 | D:1      | qw the Gargoyle Fighter began the quest for the Orb.
     0 | D:1      | Reached XP level 1. HP: 14/14 MP: 1/1
     0 | D:1      | 0 ||| qw: Version: 0.2-a-29-g511e9b1
     0 | D:1      | 0 ||| qw: Game counter: 5437
     0 | D:1      | 0 ||| qw: Always use a shield: true
     0 | D:1      | 0 ||| qw: God list: Okawaru
     0 | D:1      | 0 ||| qw: Allow faded altars: false
     0 | D:1      | 0 ||| qw: Do Orc after D:15 true
     0 | D:1      | 0 ||| qw: Do second Lair branch before Depths: true
     0 | D:1      | 0 ||| qw: Lair rune preference: random
     0 | D:1      | 0 ||| qw: Plans: Normal, Zot:1-4, Slime:5, God:TSO, Crypt,
                  | Tomb, Abyss, Pan, Hells, Win
     0 | D:1      | 0 ||| PLANNING D:1-11
    22 | D:1      | Reached skill level 2 in Axes
    69 | D:1      | Reached XP level 2. HP: 19/19 MP: 2/2
    76 | D:1      | 76 ||| Stepping ~*~*~tactically~*~*~ (stealth).
   214 | D:1      | 214 ||| Stepping ~*~*~tactically~*~*~ (stealth).
   224 | D:1      | Reached skill level 3 in Axes
   263 | D:1      | Reached XP level 3. HP: 20/23 MP: 3/3
   522 | D:1      | 522 ||| Stepping ~*~*~tactically~*~*~ (stealth).
   545 | D:1      | 545 ||| READING scroll labelled EPNO ZEUHEUTA.
   546 | D:1      | 546 ||| READING 2 scrolls labelled IMEYBL DEROFF.
   547 | D:1      | 547 ||| READING scroll labelled PIT SUGIUBB.
   548 | D:1      | 548 ||| DROPPING scroll of butterflies.
   600 | D:2      | Noticed an eye of devastation
   602 | D:2      | 602 ||| Stepping ~*~*~tactically~*~*~ (hiding).
   681 | D:2      | Reached XP level 4. HP: 28/28 MP: 4/4
   681 | D:2      | Found a faded altar of an unknown god.
   682 | D:2      | Noticed a golden eye
   684 | D:2      | Noticed a great orb of eyes
   684 | D:2      | Noticed an eye of devastation
   968 | D:2      | Reached skill level 4 in Axes
  1265 | D:2      | Found an iron altar of Okawaru.
  1266 | D:2      | 1266 ||| PLANNING OKAWARU WORSHIP
  1266 | D:2      | 1266 ||| READING scroll labelled QOINIWKEPAGH.
  1267 | D:2      | 1267 ||| READING scroll labelled SOYCVA DOUKH.
  1271 | D:2      | 1271 ||| DRINKING 2 sedimented brown potions.
  1327 | D:2      | Became a worshipper of Warmaster Okawaru
  1328 | D:2      | 1328 ||| PLANNING D:1-11
  1338 | D:2      | 1338 ||| DROPPING scarf of invisibility.
  1438 | D:3      | 1438 ||| Stepping ~*~*~tactically~*~*~ (hiding).
  1829 | D:3      | 1829 ||| READING scroll labelled XAGERE XI BEBU.
  1830 | D:3      | 1830 ||| READING scroll labelled CESYXZ QOAMPAH.
  1831 | D:3      | 1831 ||| READING scroll labelled QYMUNT PEUTT.
  1874 | D:4      | 1874 ||| DROPPING +0 mace.
  2023 | D:4      | Reached XP level 5. HP: 32/32 MP: 5/5
  2031 | D:4      | 2031 ||| Stepping ~*~*~tactically~*~*~ (stealth).
  2035 | D:4      | 2035 ||| Stepping ~*~*~tactically~*~*~ (stealth).
  2096 | D:4      | Noticed an ogre
  2099 | D:4      | 2099 ||| Stepping ~*~*~tactically~*~*~ (stealth).
  2106 | D:4      | HP: 3/32 [ogre/+0 giant spiked club (19)]
  2108 | D:4      | Slain by an ogre

Levels and vault maps discovered:
D:1:      grunt_arrival_crossed_arrows, layout_rooms, minmay_misc_feat_iff,
          chequers_serial_rivers_micro_c
D:2:      layout_basic, hellmonk_ecumenical_altar_watching_god, basic_altar,
          minmay_crystal_water
D:3:      layout_rooms
D:4:      layout_cave_pools, grunt_decor_cap, chequers_serial_rivers_large_b,
          hangedman_decor_slide_cut, grunt_ministairs_13,
          kennysheep_generic_room_10

Skill      XL: |  1  2  3  4 |
---------------+-------------+-----
Axes           | 2 3 4 |  4.6
Fighting       | |  3.2
Armour         | |  3.2
Shields        | |  3.2

Action                     |  1- 3 |  4- 6 || total
---------------------------+-------+-------++-------
  Melee: War axe           |   115 |    71 ||   186
    Use: Scroll            |     3 |     5 ||     8
         Potion            |       |     1 ||     1
 Armour: Scale mail        |    63 |    27 ||    90
  Dodge: Dodged            |    47 |    14 ||    61
  Block: Buckler           |    16 |     2 ||    18

Table legend:
 A = Non-vault XP
 B = Vault XP
 C = Vault XP percentage of total XP
 D = Non-vault monster count
 E = Vault monster count
 F = Vault count percentage of total count
                 A         B        C        D         E       F
            +---------+---------+-------+---------+---------+-------
      Total |     180 |       0 |   0.0 |      72 |       0 |   0.0
            +---------+---------+-------+---------+---------+-------
        D:1 |      58 |       0 |   0.0 |      32 |       0 |   0.0
        D:2 |      48 |       0 |   0.0 |      21 |       0 |   0.0
        D:3 |      29 |       0 |   0.0 |      10 |       0 |   0.0
        D:4 |      45 |       0 |   0.0 |       9 |       0 |   0.0
            +---------+---------+-------+---------+---------+-------
